 Dungeon Crawl Stone Soup version 0.19-a0-1072-g3763c35 (webtiles) character file.

29243 DarthKuruptios the Cleaver (level 13, -8/119 HPs)
             Began as a Minotaur Berserker on Aug 4, 2016.
             Was a High Priest of Trog.
             Mangled by Donald
             ... wielding a +2 eveningstar of holy wrath
              (22 damage)
             ... on level 2 of the Orcish Mines on Aug 5, 2016.
             The game lasted 00:58:14 (14946 turns).

DarthKuruptios the Cleaver (Minotaur Berserker)    Turns: 14946, Time: 00:58:14

Health: -8/119     AC: 10    Str: 25    XL:     13   Next: 14%
Magic:  12/12      EV:  9    Int:  4    God:    Trog [*****.]
Gold:   1400       SH: 13    Dex: 16    Spells: 0 memorised, 12 levels left

rFire  + . .     SeeInvis +     g - +1 broad axe (vamp)
rCold  x . .     Gourm    +     y - +0 plate armour
rNeg   + . .     Faith    .     f - +1 shield
rPois  +         Spirit   .     o - +1 hat
rElec  +         Dismiss  .     F - +1 cloak of Good Intentions {rElec rC- MR+ Regen+}
rCorr  .         Reflect  .     (no gloves)
SustAt .         Harm     .     w - +0 pair of boots
MR     +....                    K - amulet of the gourmand
Stlth  ..........               t - ring of see invisible
                                D - ring of Quarrel {rPois rF+ rN+ Dex+4 Stlth-}

@: exhausted, corroded, very slightly contaminated, hasted and slowed, heavily
drained
A: retaliatory headbutt, horns 2
a: Berserk, Trog's Hand, Brothers in Arms, Burn Spellbooks, Renounce Religion


You were on level 2 of the Orcish Mines.
You worshipped Trog.
Trog was extremely pleased with you.
You were very full.

You visited 3 branches of the dungeon, and saw 16 of its levels.
You also visited: Sewer.

You collected 1535 gold pieces.
You spent 135 gold pieces at shops.

Inventory:

Hand Weapons
 g - a +1 vampiric broad axe (weapon)
 Q - the +5 executioner's axe "Neuf" {freeze, *Confuse rPois Dex+3}
   (Trog gifted it to you on level 1 of the Orcish Mines)

   It has been specially enchanted to freeze those struck by it, causing extra
   injury to most foes and up to half again as much damage against particularly
   susceptible opponents.
   It can also slow down cold-blooded creatures.
   It affects your dexterity (+3).
   It protects you from poison.
   It may confuse you when you take damage.
Armour
 f - a +1 shield (worn)
 o - a +1 hat (worn)
 w - a +0 pair of boots (worn)
 y - a +0 plate armour (worn)
 F - the +1 cloak of Good Intentions (worn) {rElec rC- MR+ Regen+}
   (You acquired it on level 3 of the Lair of Beasts)

   It makes you vulnerable to cold.
   It insulates you from electricity.
   It affects your resistance to hostile enchantments.
   It increases your rate of regeneration.
Jewellery
 t - a ring of see invisible (right hand)
 D - the ring of Quarrel (left hand) {rPois rF+ rN+ Dex+4 Stlth-}
   (You found it on level 4 of the Dungeon)

   [ring of loudness]

   It affects your dexterity (+4).
   It protects you from fire.
   It protects you from poison.
   It protects you from negative energy.
   It makes you less stealthy.
 K - an amulet of the gourmand (around neck)
 T - a +3 ring of strength {unknown}
Wands
 J - a wand of digging (24/24)
 P - a wand of digging (12/24)
 S - a wand of digging (8/24)
Scrolls
 b - 3 scrolls of enchant weapon
 j - a scroll of fear
 k - a scroll of identify
 l - 8 scrolls of remove curse
 q - 6 scrolls of teleportation
 r - 5 scrolls of magic mapping
 H - 3 scrolls of recharging
 M - 3 scrolls of fog
Potions
 d - 7 potions of curing
 e - 3 potions of haste
 i - a potion of ambrosia
 m - a potion of mutation
 n - 5 potions of agility
 p - 7 potions of heal wounds
 v - 3 potions of resistance
 x - 2 potions of flight
 z - a potion of degeneration
 A - a potion of lignification
 C - 2 potions of berserk rage
 E - a potion of might
 G - 5 potions of brilliance
 I - 5 potions of magic
 O - 2 potions of invisibility
Comestibles
 a - 19 chunks of flesh
 c - 9 bread rations
 h - 5 meat rations
 s - 13 fruits
 u - a beef jerky
 B - a slice of pizza
 N - a royal jelly


   Skills:
 + Level 12.5(9.0) Fighting
 + Level 14.0(10.4) Axes
 + Level 11.9(8.5) Armour
 + Level 9.3(6.1) Dodging
 + Level 2.4(0.0) Stealth
 + Level 11.4(8.0) Shields


You had 12 spell levels left.
You didn't know any spells.

Dungeon Overview and Level Annotations

Branches:
Dungeon (9/15)             Temple (0/1) D:7            Lair (5/6) D:9
  Swamp (0/4) Lair:4       Spider (0/4) Lair:4        Slime (0/5) Lair:5
    Orc (2/2) D:9
    Elf: Orc:2

Altars:
Cheibriados
Ru
Yredelemnul
The Shining One

Shops:
D:9 (}*

Annotations:
Orc:2 Donald


Innate Abilities, Weirdness & Mutations

You reflexively headbutt those who attack you in melee.
You have a pair of horns on your head.


Message History

Donald hits you with an eveningstar of holy wrath.
* * * LOW HITPOINT WARNING * * *
The orc priest moves out of view.
Donald closely misses you. Donald misses you. You furiously retaliate!
You headbutt Donald, but do no damage. Donald barely misses you.
You furiously retaliate!
You headbutt Donald, but do no damage.
Found a stone staircase leading up.
Your ogre goes berserk!
You feel somewhat less full. You block Donald's attack.
The orc priest casts a cantrip, but nothing happens.
Donald hits you with an eveningstar of holy wrath!
* * * LOW HITPOINT WARNING * * *
You feel yourself speed up.
Your ogre hits Donald with a giant club!
Donald hits you with an eveningstar of holy wrath!
* * * LOW HITPOINT WARNING * * *
Donald blocks your ogre's attack.
Donald hits you with an eveningstar of holy wrath!!
You die...

## ###.# ###...
#....### ##.....####
#......#..#
###.##..O.....##
.......@@.o.))$#
.........#...).#.#..
........##...........
......$..##(.........
.......## ##.........
.<..... ..........
....... #..........
.#..... .......#...
..........
.....#..##..


You could see Donald, an orc priest and a friendly ogre (berserk).

Vanquished Creatures
  4 hydras
  Erica (Lair:2)
  An orc high priest (Orc:2)
  Sonja (Orc:2)
  The ghost of kGEAR the Markscentaur, a novice CeHu of Hepliaklqana (D:7)
  An orc knight (Orc:2)
  A wolf spider (Lair:4)
  A cyclops (Orc:2)
  A griffon (Lair:5)
  2 orc sorcerers (Orc:2)
  2 black mambas
  4 elephants (Lair:5)
  Maurice (D:8)
  6 spiny frogs
  2 rime drakes
  3 komodo dragons
  2 trolls (Orc:2)
  3 jumping spiders (Lair:4)
  A polar bear (Lair:2)
  Prince Ribbit (Lair:2)
  A two-headed ogre (D:9)
  8 blink frogs
  A redback (Lair:4)
  9 yaks
  5 basilisks
  2 wyverns (D:8)
  3 hippogriffs
  Edmund (D:4)
  Menkaure (D:7)
  4 wargs (Orc:2)
  4 swamp worms (Lair:4)
  5 water moccasins
  10 porcupines
  11 orc warriors
  An ice beast (D:8)
  3 phantoms
  6 ogres
  4 wolves (Lair:1)
  3 centaurs
  5 crocodiles
  A big kobold (D:7)
  12 giant frogs
  Blork the orc (D:4)
  A scorpion (D:7)
  5 killer bees (D:4)
  6 wights
  An electric eel (Lair:4)
  7 howler monkeys
  7 crimson imps
  2 hounds
  5 human zombies (D:8)
  2 jellies
  A quasit (D:8)
  A giant frog skeleton (D:9)
  5 orc priests
  8 orc wizards
  6 iguanas
  3 human skeletons (D:8)
  4 worker ants
  16 sheep
  A hound zombie (D:8)
  3 hound skeletons
  2 mummies (D:8)
  2 worker ant zombies
  A howler monkey skeleton (D:8)
  17 adders
  23 river rats
  4 oozes
  An adder zombie (D:5)
  An adder skeleton (D:4)
  3 worms (D:3)
  6 dart slugs
  6 giant geckos
  35 orcs
  17 ball pythons
  2 bats (D:2)
  4 giant cockroaches
  7 goblins
  11 hobgoblins
  8 jackals
  4 quokkas
  A giant gecko zombie (D:5)
  7 giant newts
  A jackal skeleton (D:9)
  17 kobolds
  An orc zombie (D:8)
  A quokka zombie (D:8)
  23 rats
429 creatures vanquished.

Vanquished Creatures (collateral kills)
  An orc high priest (Orc:2)
  2 orc knights (Orc:2)
  An orc sorcerer (Orc:2)
  5 orc warriors (Orc:2)
  3 orc priests (Orc:2)
  3 orc wizards (Orc:2)
  2 orcs (Orc:2)
17 creatures vanquished.

Vanquished Creatures (others)
  An orc wizard (D:5)
  An orc (Orc:2)
  3 fungi
5 creatures vanquished.

Grand Total: 451 creatures vanquished

Notes
Turn   | Place    | Note
-------+----------+-------------------------------------------
     0 | D:1      | DarthKuruptios the Minotaur Berserker began the quest for the Orb.
     0 | D:1      | Reached XP level 1. HP: 19/19 MP: 0/0
   325 | D:1      | Reached XP level 2. HP: 27/27 MP: 1/1
   797 | D:2      | Found a snail-covered altar of Cheibriados.
   826 | D:2      | Reached XP level 3. HP: 27/34 MP: 2/2
   906 | D:2      | Reached ** piety under Trog
   937 | D:2      | Reached skill level 4 in Axes
  2051 | D:3      | Reached XP level 4. HP: 41/41 MP: 3/3
  2106 | D:3      | Found a sacrificial altar of Ru.
  2155 | D:3      | Reached skill level 5 in Fighting
  2344 | D:3      | Reached *** piety under Trog
  2947 | D:4      | Reached XP level 5. HP: 42/48 MP: 4/4
  2959 | D:4      | Noticed Blork the orc
  2968 | D:4      | Killed Blork the orc
  2968 | D:4      | Reached skill level 5 in Axes
  2968 | D:4      | Reached skill level 1 in Stealth
  3142 | D:4      | Got a translucent bone ring
  3143 | D:4      | Identified the ring of Quarrel {rPois rF+ rN+ Dex+4 Stlth-} (You found it on level 4 of the Dungeon)
  3305 | D:4      | Reached XP level 6. HP: 56/56 MP: 5/5
  3315 | D:4      | Noticed Edmund
  3336 | D:4      | Killed Edmund
  3436 | D:4      | Reached skill level 1 in Shields
  3439 | D:4      | Reached XP level 7. HP: 7/62 MP: 6/6
  3439 | D:4      | HP: 1/93 [killer bee (7)]
  3440 | D:4      | Reached skill level 6 in Axes
  3858 | D:5      | Entered Level 5 of the Dungeon
  4332 | D:5      | Reached skill level 5 in Dodging
  4388 | D:5      | Found a glowing drain.
  4400 | Sewer    | Entered a sewer
  4421 | Sewer    | Reached **** piety under Trog
  4687 | Sewer    | Reached ***** piety under Trog
  4767 | Sewer    | Reached XP level 8. HP: 54/71 MP: 7/7
  5041 | D:6      | Reached skill level 7 in Axes
  5044 | D:6      | Reached skill level 5 in Armour
  6176 | D:7      | Noticed Menkaure
  6189 | D:7      | Killed Menkaure
  6190 | D:7      | Received a gift from Trog
  6232 | D:7      | Noticed kGEAR's ghost (novice CeHu)
  6265 | D:7      | Killed kGEAR's ghost
  6265 | D:7      | Reached XP level 9. HP: 16/80 MP: 8/8
  6579 | D:7      | Reached skill level 8 in Axes
  7029 | D:7      | Received a gift from Trog
  7149 | D:7      | Found a staircase to the Ecumenical Temple.
  7467 | D:8      | Reached skill level 5 in Shields
  7619 | D:8      | Found a basalt altar of Yredelemnul.
  7693 | D:8      | Reached XP level 10. HP: 65/88 MP: 9/9
  7732 | D:8      | Reached skill level 9 in Axes
  8094 | D:8      | Noticed Maurice
  8417 | D:8      | Killed Maurice
  8773 | D:9      | Found a staircase to the Orcish Mines.
  8865 | D:9      | Reached skill level 10 in Axes
  8877 | D:9      | Found Isel's Assorted Antiques.
  8881 | D:9      | Found Tuyf's Gadget Boutique.
  8892 | D:9      | Bought a notched gilded ring for 135 gold pieces
  8958 | D:9      | Found a staircase to the Lair.
  9180 | D:9      | Found Tiranam's Weapon Boutique.
  9368 | Lair:1   | Entered Level 1 of the Lair of Beasts
  9868 | Lair:1   | Reached XP level 11. HP: 95/99 MP: 10/10
 10311 | Lair:2   | Noticed a six-headed hydra
 10324 | Lair:2   | Killed a 13-headed hydra
 10395 | Lair:2   | Reached skill level 11 in Axes
 10416 | Lair:2   | Noticed Erica
 10426 | Lair:2   | Killed Erica
 10426 | Lair:2   | Reached skill level 10 in Fighting
 10499 | Lair:2   | Received a gift from Trog
 10719 | Lair:2   | Reached skill level 10 in Armour
 10850 | Lair:2   | Noticed Prince Ribbit
 10978 | Lair:2   | Killed Prince Ribbit
 11363 | Lair:3   | Identified a scroll of acquirement
 11366 | Lair:3   | Got a faintly humming cloak
 11377 | Lair:3   | Identified the +1 cloak of Good Intentions {rElec rC- MR+ Regen+} (You acquired it on level 3 of the Lair of Beasts)
 11480 | Lair:3   | Found a glowing golden altar of the Shining One.
 11553 | Lair:3   | Noticed a four-headed hydra
 11554 | Lair:3   | Upgraded the game from 0.19-a0-1067-g0b1d89b to 0.19-a0-1071-g4ed3155
 11564 | Lair:3   | Killed a nine-headed hydra
 11564 | Lair:3   | Reached skill level 12 in Axes
 12347 | Lair:4   | Upgraded the game from 0.19-a0-1071-g4ed3155 to 0.19-a0-1072-g3763c35
 12347 | Lair:4   | Reached XP level 12. HP: 93/110 MP: 11/11
 12647 | Lair:4   | Found a staircase to the Swamp.
 12991 | Lair:4   | Found a hole to the Spider Nest.
 13000 | Lair:4   | Reached skill level 10 in Shields
 13193 | Lair:5   | Noticed a four-headed hydra
 13204 | Lair:5   | Killed an eight-headed hydra
 13319 | Lair:5   | Reached skill level 13 in Axes
 13418 | Lair:5   | Noticed a five-headed hydra
 13429 | Lair:5   | Killed a nine-headed hydra
 13573 | Lair:5   | Found a staircase to the Slime Pits.
 14207 | Orc:1    | Entered Level 1 of the Orcish Mines
 14217 | Orc:1    | Received a gift from Trog
 14222 | Orc:1    | Got a steaming executioner's axe {god gift}
 14228 | Orc:1    | Identified the +5 executioner's axe "Neuf" {freeze, *Confuse rPois Dex+3} (Trog gifted it to you on level 1 of the Orcish Mines)
 14520 | Orc:2    | Entered Level 2 of the Orcish Mines
 14655 | Orc:2    | Noticed Sonja
 14706 | Orc:2    | Killed Sonja
 14798 | Orc:2    | Reached XP level 13. HP: 112/119 MP: 12/12
 14861 | Orc:2    | Reached skill level 14 in Axes
 14862 | Orc:2    | Received a gift from Trog
 14920 | Orc:2    | Noticed Donald
 14938 | Orc:2    | HP: 2/178 [Donald/eveningstar of holy wrath (11)]
 14946 | Orc:2    | Mangled by Donald

Vault maps used:
D:1:      dpeg_arrival_central
D:2:      cheibriados_altar_1
D:3:      grunt_ministairs_6, nicolae_ru_great_annihilating_truth
D:4:      first_bread, uniq_edmund, uniq_blork_the_orc
D:5:      portal_sewer_entry_d
D:6:      kennysheep_six_static_rooms
D:7:      uniq_menkaure
D:8:      lemuel_mausoleum_altar_yredelemnul, minmay_checkerbox, uniq_maurice
D:9:      lair_0_dummy, erik_orc_3, serial_shops, shop, shop, nicolae_shop_trees
Lair:1:   minmay_holes, infiniplex_staircase_pool, lemuel_fruit_fields
Lair:2:   serial_bayou_pond_e, uniq_erica, uniq_prince_ribbit2
Lair:3:   basic_altar
Lair:4:   nicolae_swamp_entry_splash_gauntlet, spider_nest_entry_funnel_web
Lair:5:   slime_dummy
Orc:2:    grunt_orc_tribal_feast, serial_shops, shop, mines3_lemuel,
          uniq_donald, uniq_sonja
Sewer:    sewer_minmay_w

Skill      XL: |  1  2  3  4  5  6  7  8  9 10 11 12 13 |
---------------+----------------------------------------+-----
Fighting       | 4 5 6 7 8 9 11 12 | 12.5
Axes           | 4 5 6 7 8 10 12 13 14 | 14.0
Dodging        | 3 4 5 6 7 8 9 |  9.3
Stealth        | 1 2 |  2.4
Armour         | 3 4 7 8 9 10 11 | 11.9
Shields        | 1 2 3 5 7 9 11 | 11.4

Action                   |  1- 3 |  4- 6 |  7- 9 | 10-12 | 13-15 || total
-------------------------+-------+-------+-------+-------+-------++-------
Melee: Hand axe          |   103 |   103 |   457 |   115 |       ||   778
       Headbutt          |    15 |    17 |   126 |   162 |    14 ||   334
       Broad axe         |       |       |       |   543 |    50 ||   593
Invok: Trog's Hand       |       |     1 |     2 |     4 |     2 ||     9
       Berserk           |       |     1 |     1 |     4 |     2 ||     8
       Burn Spellbooks   |       |       |     1 |     3 |       ||     4
       Brothers in Arms  |       |       |       |     3 |     3 ||     6
  Use: Scroll            |       |     8 |     8 |    10 |     3 ||    29
       Potion            |       |     1 |       |       |     6 ||     7
 Stab: Invisible         |       |     1 |       |       |       ||     1
       Paralysed         |       |     1 |       |       |       ||     1
       Confused          |       |       |     2 |       |       ||     2
  Eat: Chunk             |     4 |     3 |    23 |    37 |     4 ||    71
       Pizza             |       |     1 |       |       |       ||     1
       Beef jerky        |       |       |     3 |       |       ||     3
Armor: Animal skin       |    25 |     6 |       |       |       ||    31
       Scale mail        |       |    37 |   140 |    32 |       ||   209
       Plate armour      |       |       |       |   337 |    27 ||   364
Dodge: Dodged            |    69 |    58 |   208 |   299 |    23 ||   657
Block: Buckler           |       |    13 |    36 |       |       ||    49
       Shield            |       |       |   107 |   484 |    41 ||   632
